woodfighter, chaotic female giant Ranger ----- --- |...| |a. |<..-####[@` |...| |a. ----- --- woodfighter the Ranger Experience level: 4 Strength: 24 Dexterity: 10 Constitution: 19 Intelligence: 13 Wisdom: 13 Charisma: 12 Health: 0(41) Energy: 17(17) Def: 16 Gold: 316 Moves: 5152 Dungeon seed [set]: Game ID: woodfighter_1678541868 Your Inventory: Coins $ - 316 gold pieces Weapons a - an uncursed +2 sling (weapon in hand) w - an uncursed +2 sling R - an uncursed +0 bow W - 10 cursed +0 orcish arrows Armor g - an uncursed +0 pair of high boots (being worn) q - a blessed +2 mummy wrapping N - an uncursed +2 dented pot (being worn) Y - an uncursed +1 large shield (being worn) Z - a cursed +0 dwarvish cloak Comestibles Q - an uncursed cram ration Scrolls f - an uncursed scroll of teleportation h - an uncursed scroll of identify m - an uncursed scroll of remove curse z - an uncursed scroll of scare monster B - a cursed scroll of identify P - an uncursed scroll of blank paper V - a cursed scroll of fire Spellbooks C - an uncursed spellbook of sleep Potions A - an uncursed potion of blindness S - an uncursed potion of extra healing Rings D - an uncursed ring of polymorph control Wands c - an uncursed wand of slow monster (0:3) E - an uncursed wand of light (0:14) Tools b - an uncursed stethoscope y - an uncursed lock pick I - a cursed lock pick J - a cursed skeleton key Gems e - 39 uncursed flints (in quiver) G - an uncursed worthless piece of red glass T - an uncursed worthless piece of green glass X - a cursed worthless piece of red glass Boulders/Statues k - an uncursed boulder n - an uncursed boulder p - an uncursed boulder r - an uncursed boulder H - an uncursed boulder O - an uncursed boulder Spells and supernatural/magical abilities: Name Level Category Fail Memory W - pray for help -- divine ? -- Your skills at the end: Miscellaneous Skills wands [Basic] Weapon Skills two-handed sword [Basic] sling [Basic] Spellcasting Skills Final Attributes: You were devoutly aligned. You were telepathic. You had automatic searching. You had infravision. You were somewhat stealthy. You are dead. Vanquished creatures: a gnome mummy an elf zombie 2 puppies a floating eye a kitten a kobold lord 2 iguanas a jitterbug 4 killer bees 2 coyotes a hobbit a large kobold 5 geckos 2 giant rats a cave spider 2 yellow molds a green mold 5 garter snakes a gnome zombie 4 jackals 6 newts 5 sewer rats 10 grid bugs a bat 3 lichens a kobold zombie 65 creatures vanquished. Voluntary challenges: You had followed a strict vegan diet until turn 2433. You had followed a strict vegetarian diet until turn 2433. You did not adorn yourself with jewelry or accessories. You did not cause conflict. You were not invisible. You did not have reflection. You were not displaced. You were an atheist. You never hit with a wielded weapon. You did not apply a unicorn horn. You did not use plumbed fixtures. You did not drink any magical draughts. You read items or engraved 1 time, starting on turn 2905. You never genocided any monsters. You never polymorphed an object. You never changed form. You used no wishes. You did not use any artifacts. You never split a pudding. You never wrote Elbereth's name. You never violated your personal moral code. You enabled loading special bones files. Dungeon overview: The Dungeons of Doom: levels 1 to 7 Level 1 some fountains a long staircase Level 2 (box + Grimtooth) a general store, a fountain Level 3 (water) a vault, a fountain Level 4 a fountain stairs to The Gnomish Mines Level 5 (stash) a scroll shop Level 6 (leprechaun) Level 7 <- You were here The Gnomish Mines: Level 5 stairs to The Dungeons of Doom History has recorded: On T:1 you entered the Dungeons of Doom to retrieve the Amulet of Yendor! On T:176 you reached level 2 of The Dungeons of Doom. On T:530 you reached level 3 of The Dungeons of Doom. On T:1539 you advanced to experience level 2. On T:1688 you reached level 4 of The Dungeons of Doom. On T:2118 you reached level 5 of The Dungeons of Doom. On T:2372 you advanced to experience level 3. On T:2525 you reached level 1 of The Gnomish Mines. On T:2949 you advanced to experience level 4. On T:3071 you reached level 6 of The Dungeons of Doom. On T:4006 you reached level 7 of The Dungeons of Doom. On T:4086 you advanced to experience level 5. Score breakdown: Gold: 316 ( 31 points) Experience: 4 levels ( 300 points) Exploration: 7 levels ( 180 points) Discoveries: 17 items ( 850 points) Variety of kills: 26 monsters ( 1300 points) Major goal: (nothing yet) ( 0 points) Survival: died (score multiplied by 3) Total score: 7983 Latest messages: The soldier ant misses. You shoot 2 flints. The 1st flint hits the soldier ant. The 2nd flint misses the soldier ant. The soldier ant bites! The soldier ant misses. (2x) The soldier ant stings! The soldier ant misses. The soldier ant stings! The soldier ant misses. The soldier ant just misses! The soldier ant misses. (2x) The soldier ant bites! The soldier ant stings! The soldier ant's sting was poisoned! Goodbye level 5. You drop a bag. The soldier ant misses. (2x) The soldier ant bites! The soldier ant stings! The soldier ant bites! You die... Final status: Goodbye woodfighter the Ranger, killed by a soldier ant... You died in The Dungeons of Doom on dungeon level 7 with 7983 points, and 316 pieces of gold, after 5152 moves. You were level 4 with a maximum of 41 hit points when you died.